[Event "Titled Tuesday Blitz February 28 Late 2023"]
[White "WindWhistler11"]
[Black "Dourerassou, Jonathan"]
[BlackFideId "628050"]
[WhiteElo "2541"]
[BlackElo "2499"]
[Result "0-1"]
[Round "04"]
[TimeControl "180+2"]
[Date "2023.02.28"]
[WhiteClock "0:00:06"]
[BlackClock "0:00:26"]

1. Nf3 g6 2. g3 Bg7 3. Bg2 c5 4. O-O Nf6 5. d4 cxd4 6. Nxd4 O-O 7. Nb3 d6 8. Na3 Nc6 9. c3 Be6 10. Nc2 Qd7 11. Re1 Rac8 12. Nbd4 Bd5 13. e4 Bc4 14. Ne3 Ba6 15. Nxc6 bxc6 16. h4 Rb8 17. Kh2 Rfd8 18. Qa4 Bb5 19. Qd1 e5 20. Bh3 Qc7 21. c4 Ba6 22. Bg2 Bc8 23. b3 a5 24. Bd2 a4 25. b4 Qa7 26. a3 Be6 27. Rc1 d5 28. exd5 cxd5 29. c5 d4 30. Nc4 e4 31. Bxe4 Nxe4 32. Rxe4 Bd5 33. Re1 Qd7 34. Nd6 Ba8 35. Bg5 f6 36. Bf4 h6 37. Qxd4 Qc6 38. Qc4+ Kh7 39. Rg1 Qf3 40. Be3 f5 41. Qf4 Qh5 42. Bd4 Rd7 43. Bxg7 Rxg7 44. Rce1 Rf8 0-1


[Site "https://www.chess.com"]

[Event "Titled Tuesday Blitz February 28 Late 2023"]
[White "Bilych, Olexiy"]
[Black "Remolar Gallen, Jose"]
[WhiteFideId "14156504"]
[BlackFideId "2215187"]
[WhiteElo "2320"]
[BlackElo "2223"]
[Result "1-0"]
[Round "04"]
[TimeControl "180+2"]
[Date "2023.02.28"]
[WhiteClock "0:00:12"]
[BlackClock "0:00:01"]

1. d4 Nf6 2. c4 g6 3. f3 Bg7 4. e4 d6 5. Nc3 O-O 6. Be3 c5 7. d5 e6 8. Nge2 a6 9. a4 exd5 10. cxd5 Nbd7 11. Ng3 h5 12. Be2 Qa5 13. O-O h4 14. Nh1 h3 15. g4 Qb4 16. Nf2 c4 17. Qc2 Nc5 18. a5 Nfd7 19. Na4 b5 20. axb6 Nxb6 21. Nxb6 Qxb6 22. Qxc4 a5 23. b4 Ba6 24. b5 Bb7 25. Rac1 Rfc8 26. Nd3 a4 27. e5 a3 28. exd6 a2 29. Bxc5 Qa5 30. d7 Rd8 31. Bd4 Bf8 32. Ra1 Rxd7 33. Nc5 Bxd5 34. Qc3 1-0


[Site "https://www.chess.com"]

[Event "Titled Tuesday Blitz February 28 Late 2023"]
[White "Nasuta, Grzegorz"]
[Black "Taboas Rodriguez, Daniel"]
[WhiteFideId "1141686"]
[BlackFideId "2208466"]
[WhiteElo "2449"]
[BlackElo "2365"]
[Result "1-0"]
[Round "04"]
[TimeControl "180+2"]
[Date "2023.02.28"]
[WhiteClock "0:01:56"]
[BlackClock "0:00:46"]

1. e4 e5 2. Nf3 Nc6 3. Bc4 Nf6 4. d3 Bc5 5. O-O d6 6. c3 a6 7. Bb3 Ba7 8. Re1 Be6 9. Nbd2 O-O 10. h3 Ne7 11. Bc2 Ng6 12. d4 c6 13. Nf1 Re8 14. Ng3 Qd7 15. Bg5 Qd8 16. Nh5 Kh8 17. dxe5 Nxe5 18. Nxe5 dxe5 19. Nxf6 Qxd1 20. Raxd1 gxf6 21. Bxf6+ Kg8 22. Bxe5 Bxa2 23. Bf6 Be6 24. Rd3 Bb8 25. e5 Kf8 26. Rg3 Bc7 27. Bxh7 1-0


[Site "https://www.chess.com"]

[Event "Titled Tuesday Blitz February 28 Late 2023"]
[White "Sztokbant, Bernardo Vainzoff"]
[Black "Oro, Faustino"]
[WhiteFideId "2115956"]
[BlackFideId "20000197"]
[WhiteElo "2222"]
[BlackElo "1984"]
[Result "1-0"]
[Round "04"]
[TimeControl "180+2"]
[Date "2023.02.28"]
[WhiteClock "0:00:45"]
[BlackClock "0:00:04"]

1. e4 e5 2. Nf3 Nc6 3. Bb5 Nf6 4. O-O Nxe4 5. d4 Nd6 6. Bxc6 dxc6 7. dxe5 Nf5 8. Qxd8+ Kxd8 9. Nc3 Be7 10. h3 Be6 11. b3 Kc8 12. Bb2 b6 13. Rad1 Kb7 14. Ne2 Rhd8 15. Nf4 Bd5 16. Nxd5 cxd5 17. Rfe1 c5 18. c3 Kc6 19. g4 Nh6 20. Bc1 Ng8 21. Kg2 Re8 22. Nh2 Rad8 23. f4 b5 24. Nf3 a5 25. f5 b4 26. Bb2 bxc3 27. Bxc3 Kb6 28. e6 f6 29. h4 d4 30. Bb2 Bd6 31. Nd2 Ne7 32. Nc4+ Ka6 33. Ba3 Nd5 34. Nxd6 Rxd6 35. Bxc5 Rc6 36. Bxd4 Rc2+ 37. Kf3 Rxa2 38. g5 Ra3 39. Ke4 Rd8 40. Bxf6 gxf6 41. Rxd5 Rf8 42. e7 Re8 43. gxf6 Rxb3 44. Rd8 1-0


[Site "https://www.chess.com"]

[Event "Titled Tuesday Blitz February 28 Late 2023"]
[White "Zochowski, Kacper"]
[Black "Golubka, Petro"]
[WhiteFideId "1125494"]
[BlackFideId "14114224"]
[WhiteElo "2222"]
[BlackElo "2404"]
[Result "0-1"]
[Round "04"]
[TimeControl "180+2"]
[Date "2023.02.28"]
[WhiteClock "0:00:16"]
[BlackClock "0:00:16"]

1. Nf3 Nc6 2. d4 d5 3. c4 e6 4. Nc3 Bb4 5. cxd5 exd5 6. Bf4 Nge7 7. e3 Ng6 8. Bg3 Bg4 9. Bd3 O-O 10. h3 Bxf3 11. Qxf3 Nce7 12. O-O c6 13. h4 Re8 14. h5 Nf8 15. Ne2 Bd6 16. Bh4 Qd7 17. h6 Neg6 18. hxg7 Ne6 19. Bf6 Nxg7 20. g3 Qe6 21. Bg5 h5 22. Nf4 Bxf4 23. Bxf4 Qg4 24. Qxg4 hxg4 25. Be2 Nxf4 26. gxf4 f5 27. Bd3 Kf7 28. Kg2 Rh8 29. Rh1 Kf6 30. f3 a5 31. fxg4 fxg4 32. Rxh8 Rxh8 33. Kg3 Rh3+ 34. Kxg4 Rxe3 35. Bh7 Ne6 36. Rh1 Nxd4 37. Bb1 Re2 38. Rh6+ Ke7 39. Rh7+ Kd6 40. Rxb7 Rg2+ 41. Kh5 Rg1 42. Bg6 Rh1+ 43. Kg5 Ne6+ 44. Kf6 Nxf4 45. Be8 Rh6+ 46. Kg5 Re6 47. Kxf4 Re4+ 48. Kf3 Rxe8 49. Ra7 Rb8 50. b3 Rb5 51. Ke3 Kc5 52. Kd3 Kb6 53. Ra8 Rb4 54. Rb8+ Ka7 55. Rc8 Kb7 56. Rd8 Rh4 57. Kc3 Kb6 58. Rb8+ Ka7 59. Rc8 Kb7 60. Re8 Rg4 61. Re7+ Kb6 62. Re8 Rg2 63. Ra8 Rxa2 64. Rb8+ Kc7 65. Ra8 Kb7 66. Rd8 Rg2 67. Rd7+ Kb6 68. Rd8 Rg3+ 69. Kc2 Rg4 70. Ra8 Rb4 71. Rb8+ Ka7 72. Rc8 Kb7 73. Rd8 a4 0-1


[Site "https://www.chess.com"]

[Event "Titled Tuesday Blitz February 28 Late 2023"]
[White "Martin Carmona, Gaston Manuel"]
[Black "Grinev, Valeriy"]
[WhiteFideId "22284567"]
[BlackFideId "14117517"]
[WhiteElo "2245"]
[BlackElo "2365"]
[Result "1-0"]
[Round "04"]
[TimeControl "180+2"]
[Date "2023.02.28"]
[WhiteClock "0:00:24"]
[BlackClock "0:00:22"]

1. d4 Nf6 2. c4 e6 3. Nc3 Bb4 4. Qc2 O-O 5. a3 Bxc3+ 6. Qxc3 d5 7. Bg5 dxc4 8. Qxc4 b6 9. Rc1 Ba6 10. Qxc7 Qxd4 11. Qc2 Ng4 12. e3 Qd5 13. Nf3 Bxf1 14. Kxf1 Nd7 15. h3 Nge5 16. Nxe5 Nxe5 17. Rd1 Qb5+ 18. Qe2 Qb3 19. Kg1 Rac8 20. Kh2 Rc2 21. Rd2 Rfc8 22. Rxc2 Rxc2 23. Rd1 h6 24. Qh5 Rc8 25. Bf4 Ng6 26. Rd7 Qxb2 27. Qf3 a5 28. Qb7 Rf8 29. Bd6 Re8 30. Rxf7 Nh4 31. Qd7 Ra8 32. Qxe6 Kh8 33. Be5 Qc2 34. Bxg7+ Kg8 35. Rc7+ 1-0


[Site "https://www.chess.com"]

[Event "Titled Tuesday Blitz February 28 Late 2023"]
[White "EREBUNI91"]
[Black "Martinez Reyes, Pedro Ramon"]
[BlackFideId "3901807"]
[WhiteElo "2714"]
[BlackElo "2340"]
[Result "1-0"]
[Round "04"]
[TimeControl "180+2"]
[Date "2023.02.28"]
[WhiteClock "0:00:13"]
[BlackClock "0:00:07"]

1. e4 c6 2. d4 d5 3. e5 Bf5 4. h4 h6 5. g4 Bd7 6. Be3 Qb6 7. c4 e6 8. Nd2 Bb4 9. Nf3 dxc4 10. Bxc4 Ne7 11. h5 Nd5 12. O-O Na6 13. Ne4 Be7 14. Qe2 Nab4 15. a3 Nxe3 16. fxe3 Nd5 17. Rac1 Qd8 18. Nd6+ Bxd6 19. exd6 O-O 20. Ne5 Be8 21. e4 Nb6 22. Ng6 Qxd6 23. Nxf8 Qxd4+ 24. Qf2 Qxf2+ 25. Rxf2 Nxc4 26. Nxe6 Nxb2 27. Rxb2 fxe6 28. Rxb7 Rd8 29. Rxa7 e5 30. Rb1 Kf8 31. Rbb7 Rd3 32. Rxg7 Re3 33. Rh7 Rg3+ 34. Kf2 Rxg4 35. Rh8+ Rg8 36. Rxg8+ Kxg8 37. Ra8 Kf7 38. a4 Ke7 39. a5 Bd7 40. a6 Kd6 41. a7 Kc7 42. Rh8 1-0


[Site "https://www.chess.com"]

[Event "Titled Tuesday Blitz February 28 Late 2023"]
[White "Mirzoev, Azer"]
[Black "Mendez Fortes, Eduardo Jesus"]
[WhiteFideId "13400304"]
[BlackFideId "3502376"]
[WhiteElo "2525"]
[BlackElo "2307"]
[Result "1-0"]
[Round "04"]
[TimeControl "180+2"]
[Date "2023.02.28"]
[WhiteClock "0:00:05"]
[BlackClock "0:00:14"]

1. Nf3 d5 2. c4 e6 3. e3 Nf6 4. b3 c5 5. Bb2 Nc6 6. cxd5 exd5 7. d4 cxd4 8. Nxd4 Ne4 9. a3 Qa5+ 10. Nd2 Nc3 11. Qc1 Ne4 12. b4 Qb6 13. Nxe4 dxe4 14. Nxc6 Qxc6 15. Qxc6+ bxc6 16. Rc1 Bb7 17. g4 Bd6 18. Bg2 O-O 19. Bxe4 Rac8 20. Ke2 Ba6+ 21. Bd3 Bb7 22. Rhd1 Bb8 23. h3 h6 24. Bf5 Rce8 25. Rd7 Ba6+ 26. Ke1 Bc8 27. Rdd1 Bxf5 28. gxf5 Be5 29. Bxe5 Rxe5 30. Rxc6 Rxf5 31. Ra6 Ra8 32. Rd7 Rc8 33. Rd2 Rc7 34. Kf1 Rh5 35. Kg2 Rg5+ 36. Kf3 Rh5 37. Kg3 Rg5+ 38. Kh2 Rf5 39. a4 Kh7 40. b5 Rg5 41. h4 Rg4 42. Kh3 h5 43. Rd4 Rg1 44. Rf4 f6 45. Rd4 Rg6 46. Rd5 Kh6 47. Rc6 Re7 48. Rcc5 Rg1 49. Rxh5+ Kg6 50. Rhd5 Re4 51. Rd4 Rh1+ 52. Kg2 Rhxh4 53. Rxe4 Rxe4 54. a5 Ra4 55. a6 Rb4 56. Kf3 Rb1 57. Ke4 Rb2 58. f4 Kh6 59. Kf5 Kh5 60. e4 g5 61. fxg5 fxg5 62. Kf6 Kh4 63. Rxg5 Re2 64. Re5 Rf2+ 65. Ke6 Re2 66. Kd6 Rb2 67. Kc6 Rc2+ 68. Kb7 Rd2 69. Kxa7 Rd7+ 70. Kb6 Kg4 71. a7 Kf4 72. Re8 Rf7 73. a8=Q Ke3 74. Qc6 Rh7 75. Qc5+ Ke2 76. e5 Rh6+ 77. Qd6 Rh7 78. e6 Ke3 79. Rc8 Rh4 80. Rc3+ Ke2 81. Qd3+ Kf2 82. Qd2+ Kf1 83. Rc1# 1-0


[Site "https://www.chess.com"]

[Event "Titled Tuesday Blitz February 28 Late 2023"]
[White "Preotu, Razvan"]
[Black "Principe, Gerson"]
[WhiteFideId "2613280"]
[BlackFideId "3804550"]
[WhiteElo "2407"]
[BlackElo "2229"]
[Result "1-0"]
[Round "04"]
[TimeControl "180+2"]
[Date "2023.02.28"]
[WhiteClock "0:00:07"]
[BlackClock "0:00:11"]

1. e4 c6 2. Nc3 d5 3. Nf3 Bg4 4. h3 Bxf3 5. Qxf3 Nf6 6. Be2 dxe4 7. Nxe4 Nxe4 8. Qxe4 Nd7 9. d4 e6 10. O-O Bd6 11. Bd3 Nf6 12. Qf3 O-O 13. Re1 Qc7 14. Bg5 Nd7 15. Re4 Rfe8 16. Rh4 Nf8 17. Bxh7+ Nxh7 18. Qh5 f6 19. Qxh7+ Kf7 20. Qh5+ Ke7 21. Be3 Rh8 22. Qg4 Rxh4 23. Qxh4 Rf8 24. c4 Kf7 25. Qh7 Qc8 26. Re1 Rh8 27. Qe4 Qd7 28. Bd2 Rh5 29. Qg4 Rf5 30. Bc3 Bc7 31. g3 b5 32. b3 a5 33. Kg2 a4 34. h4 Bd6 35. h5 Bf8 36. Qg6+ Kg8 37. h6 Rg5 38. Qe4 gxh6 39. Qxe6+ Qxe6 40. Rxe6 axb3 41. axb3 bxc4 42. bxc4 c5 43. d5 f5 44. d6 Kf7 45. Rf6+ Ke8 46. d7+ Kxd7 47. Rxf8 1-0


[Site "https://www.chess.com"]

[Event "Titled Tuesday Blitz February 28 Late 2023"]
[White "Jaracz, Pawel"]
[Black "Martic, Ivan"]
[WhiteFideId "1102222"]
[BlackFideId "929301"]
[WhiteElo "2438"]
[BlackElo "2360"]
[Result "1-0"]
[Round "04"]
[TimeControl "180+2"]
[Date "2023.02.28"]
[WhiteClock "0:00:01"]
[BlackClock "0:00:01"]

1. d4 Nf6 2. c4 g6 3. h4 c5 4. d5 b5 5. cxb5 a6 6. bxa6 Bxa6 7. Nc3 d6 8. e4 Bxf1 9. Kxf1 Bg7 10. Nge2 Nbd7 11. g3 Ne5 12. Kg2 h5 13. Bf4 Nfd7 14. Bg5 O-O 15. Nf4 Ng4 16. Qd2 Nde5 17. b3 Qd7 18. f3 Nf6 19. Bxf6 Bxf6 20. a4 Rfb8 21. Rab1 Rb4 22. Nb5 Bg7 23. Rhc1 Kh7 24. Nd3 Nxf3 25. Qf4 Ne5 26. Nxb4 cxb4 27. Rc7 Qd8 28. Qd2 Bh6 29. Qxb4 Ng4 30. Qc3 Bg7 31. Qd2 Kg8 32. Qe2 Bh6 33. Rc3 Qf8 34. Rf1 Qg7 35. Qf3 Ne5 36. Qf2 Rf8 37. Rc7 Ng4 38. Qd4 Ne3+ 39. Kf2 Qh7 40. Re1 Ng4+ 41. Kg2 Bg7 42. Qd3 Bf6 43. Rf1 Qg7 44. a5 Qh6 45. Rf3 Ne5 46. Qe3 Qg7 47. a6 Nxf3 48. Qxf3 Bd4 49. a7 Bxa7 50. Rxa7 Qb2+ 51. Kh3 Qb1 52. Nd4 Qc1 53. Ne2 Qd1 54. Kg2 Qd2 55. Rxe7 1-0


[Site "https://www.chess.com"]

[Event "Titled Tuesday Blitz February 28 Late 2023"]
[White "Sadovsky, Artem"]
[Black "Adewumi, Tanitoluwa"]
[WhiteFideId "4155840"]
[BlackFideId "30966396"]
[WhiteElo "2314"]
[BlackElo "2674"]
[Result "0-1"]
[Round "04"]
[TimeControl "180+2"]
[Date "2023.02.28"]
[WhiteClock "0:00:50"]
[BlackClock "0:00:03"]

1. Nf3 d5 2. e3 Nf6 3. c4 c6 4. b3 Bf5 5. Bb2 e6 6. Be2 h6 7. O-O Be7 8. d3 Nbd7 9. Nbd2 O-O 10. Qc2 a5 11. a3 Qb6 12. Rad1 Bh7 13. Qc1 Nc5 14. Bd4 Qc7 15. cxd5 cxd5 16. Ne5 Rfc8 17. Qb2 Bd6 18. Ndf3 Qe7 19. Rc1 Ne8 20. b4 axb4 21. axb4 Na4 22. Rxc8 Rxc8 23. Qb3 b5 24. e4 Nf6 25. Ba1 Bxb4 26. Nd4 Bc3 27. Nxb5 Bxa1 28. Qxa4 Bxe5 29. d4 Bf4 30. e5 Ne4 31. g3 Bd2 32. Qa6 Rb8 33. Qc6 Bf5 34. g4 Qg5 35. f3 Qe3+ 36. Kh1 Qxe2 37. Kg1 Be3+ 38. Rf2 Qxf2+ 0-1


[Site "https://www.chess.com"]

[Event "Titled Tuesday Blitz February 28 Late 2023"]
[White "Toncheva, Nadya"]
[Black "Matinian, Nikita"]
[WhiteFideId "2924056"]
[BlackFideId "24129100"]
[WhiteElo "2101"]
[BlackElo "2422"]
[Result "0-1"]
[Round "04"]
[TimeControl "180+2"]
[Date "2023.02.28"]
[WhiteClock "0:00:07"]
[BlackClock "0:00:19"]

1. e4 c5 2. c3 Nf6 3. e5 Nd5 4. Nf3 Nc6 5. Bc4 Nb6 6. Bb3 c4 7. Bc2 d5 8. exd6 Qxd6 9. O-O Bg4 10. Re1 O-O-O 11. b3 e5 12. Qe2 cxb3 13. axb3 f6 14. Na3 a6 15. b4 Nd5 16. b5 Nf4 17. Qe3 axb5 18. Nxb5 Qc5 19. Ra8+ Kd7 20. Rxd8+ Kxd8 21. Qxc5 Bxc5 22. Be4 Bxf3 23. gxf3 Nh3+ 24. Kg2 Nxf2 25. d4 Nxe4 26. fxe4 exd4 27. cxd4 Bb4 28. Rd1 Re8 29. Kf3 Ke7 30. Bf4 Ra8 31. Nc7 Ra3+ 32. Kg4 g6 33. Nd5+ Kf7 34. Nxb4 Nxb4 35. Rb1 h5+ 36. Kh4 Ra4 37. Bd2 Nc6 38. Rxb7+ Kg8 39. Be3 Nxd4 40. Bxd4 Rxd4 41. Re7 Kf8 42. Re6 Kf7 43. Ra6 Rxe4+ 44. Kg3 g5 45. Kf3 Rf4+ 46. Kg3 Kg6 47. Rb6 h4+ 48. Kh3 Kh5 49. Rb8 g4+ 50. Kg2 Rc4 51. Rh8+ Kg5 52. Rg8+ Kf4 53. Rh8 h3+ 54. Kf2 Rc2+ 55. Kg1 Kf3 56. Rc8 Rxc8 0-1


[Site "https://www.chess.com"]

[Event "Titled Tuesday Blitz February 28 Late 2023"]
[White "Kleinman, Michael"]
[Black "Lewtak, Damian"]
[WhiteFideId "2609479"]
[BlackFideId "1141724"]
[WhiteElo "2287"]
[BlackElo "2302"]
[Result "1/2-1/2"]
[Round "04"]
[TimeControl "180+2"]
[Date "2023.02.28"]
[WhiteClock "0:00:21"]
[BlackClock "0:00:18"]

1. e4 c5 2. Nf3 Nc6 3. Bb5 g6 4. Bxc6 bxc6 5. d3 Bg7 6. h4 h5 7. Nc3 d6 8. Ng5 f6 9. Nh3 e5 10. Be3 Nh6 11. f3 Be6 12. Qd2 Qd7 13. a3 Rb8 14. b4 cxb4 15. axb4 Rb7 16. Ke2 Nf7 17. d4 Bc4+ 18. Kf2 O-O 19. d5 cxd5 20. Nxd5 f5 21. Bg5 Nxg5 22. Nxg5 Bh6 23. Rhe1 Bxg5 24. Qxg5 Kg7 25. Ne3 Be6 26. exf5 Bxf5 27. c3 Be6 28. Kg1 Qe7 29. Qxe7+ Rxe7 30. Ra6 Rd8 31. Rd1 Red7 32. Rda1 Ra8 33. b5 Rb8 34. Rxa7 Kf7 35. c4 Rbb7 36. Rxb7 Rxb7 37. Ra6 Ke7 38. Kf2 Kd7 39. Ke2 Ke7 40. Kd3 Bf5+ 41. Kc3 Be6 42. Kb4 Kd7 43. Ra8 Ke7 44. Ra6 Kd7 45. Rc6 Ra7 46. Ra6 Rb7 1/2-1/2


[Site "https://www.chess.com"]

[Event "Titled Tuesday Blitz February 28 Late 2023"]
[White "Fus, Jakub"]
[Black "Sokac, Marko"]
[WhiteFideId "1193023"]
[BlackFideId "14531356"]
[WhiteElo "2335"]
[BlackElo "2355"]
[Result "1-0"]
[Round "04"]
[TimeControl "180+2"]
[Date "2023.02.28"]
[WhiteClock "0:01:39"]
[BlackClock "0:00:15"]

1. e4 d6 2. b3 Nf6 3. Qe2 e5 4. Bb2 Be7 5. Nf3 O-O 6. h3 c5 7. g3 Nc6 8. c3 h6 9. Bg2 Be6 10. O-O Qd7 11. Kh2 Rfe8 12. d4 cxd4 13. cxd4 exd4 14. Nxd4 Nxd4 15. Bxd4 a6 16. Nc3 Rac8 17. Rac1 d5 18. e5 Nh7 19. Na4 Rxc1 20. Rxc1 Ba3 21. Nb6 Qe7 22. Rd1 Rd8 23. Ba1 Qc5 24. Bd4 Qa5 25. Na4 Nf8 26. Bb6 Qb5 27. Qxb5 axb5 28. Bxd8 bxa4 29. Bxd5 axb3 30. axb3 Bxd5 31. Rxd5 Ne6 32. Bb6 Kf8 33. Rd7 1-0


[Site "https://www.chess.com"]

[Event "Titled Tuesday Blitz February 28 Late 2023"]
[White "Averjanov, Alexey"]
[Black "Mujumdar, Sameer"]
[WhiteFideId "14109867"]
[BlackFideId "2029707"]
[WhiteElo "2661"]
[BlackElo "2104"]
[Result "1-0"]
[Round "04"]
[TimeControl "180+2"]
[Date "2023.02.28"]
[WhiteClock "0:01:16"]
[BlackClock "0:00:54"]

1. d4 Nf6 2. c4 g6 3. Nc3 Bg7 4. e4 d6 5. Be2 O-O 6. Nf3 Nbd7 7. O-O e5 8. Qc2 a5 9. Rd1 Qe7 10. d5 Nc5 11. g3 Nfd7 12. Nh4 a4 13. Be3 b6 14. b4 axb3 15. axb3 Rxa1 16. Rxa1 Nf6 17. b4 Ncd7 18. Nb5 Nxe4 19. Qxe4 f5 20. Qc2 f4 21. Bd2 Nf6 22. Bc3 e4 23. Ra7 g5 24. Rxc7 Qd8 25. Rxc8 Qxc8 26. Nxd6 Qd7 27. Nhf5 f3 28. Bf1 Ra8 29. Nxg7 Qxd6 30. Nf5 Qd7 31. Nh6+ 1-0


[Site "https://www.chess.com"]

[Event "Titled Tuesday Blitz February 28 Late 2023"]
[White "Fiorito, Francisco"]
[Black "Mortazavi, Ali"]
[WhiteFideId "180165"]
[BlackFideId "401323"]
[WhiteElo "2341"]
[BlackElo "2339"]
[Result "0-1"]
[Round "04"]
[TimeControl "180+2"]
[Date "2023.02.28"]
[WhiteClock "0:01:54"]
[BlackClock "0:00:21"]

1. d4 Nf6 2. Nc3 d6 3. e4 g6 4. Be3 Nc6 5. Qd2 Bg7 6. f3 e5 7. dxe5 dxe5 8. Qxd8+ Nxd8 9. O-O-O O-O 10. Nb5 Ne6 11. Bc4 a6 12. Na7 Bd7 13. g4 Nd4 14. g5 Nh5 15. c3 c5 16. cxd4 cxd4 17. Bd2 Rxa7 18. Kb1 Rc8 19. Bb3 Bb5 20. a4 Bd3+ 21. Ka2 b5 22. a5 Rac7 23. Bb4 Bc2 24. Re1 Nf4 25. Bd2 Nd3 26. Rf1 Bxb3+ 27. Kxb3 Rc2 28. Be1 Rxb2+ 29. Ka3 Bf8+ 30. Bb4 Bxb4# 0-1


[Site "https://www.chess.com"]

[Event "Titled Tuesday Blitz February 28 Late 2023"]
[White "Caspi, Israel"]
[Black "Seletsky, Grigory"]
[WhiteFideId "2807394"]
[BlackFideId "14112191"]
[WhiteElo "2419"]
[BlackElo "2490"]
[Result "0-1"]
[Round "04"]
[TimeControl "180+2"]
[Date "2023.02.28"]
[WhiteClock "0:00:20"]
[BlackClock "0:00:30"]

1. e4 e6 2. d4 d5 3. Nd2 c5 4. exd5 Qxd5 5. dxc5 Bxc5 6. Ngf3 Nf6 7. Bc4 Qd6 8. Qe2 Nc6 9. Nb3 Bb6 10. Bg5 O-O 11. Rd1 Qe7 12. O-O e5 13. Rfe1 Bg4 14. h3 Bh5 15. c3 Rfe8 16. Nbd2 h6 17. Bh4 g5 18. Bg3 e4 19. Qf1 Qf8 20. Nh2 Bxd1 21. Rxd1 e3 22. Ndf3 exf2+ 23. Bxf2 Bxf2+ 24. Qxf2 Ne4 25. Qc2 Qc5+ 26. Rd4 Nxd4 27. cxd4 Qd6 28. Ng4 Kg7 29. Nge5 Rxe5 30. dxe5 Qc5+ 31. Kh2 Rc8 32. b3 b5 33. Qxe4 bxc4 34. Nd4 Re8 35. Nf5+ Kf8 36. bxc4 Qxe5+ 37. Qxe5 Rxe5 38. Nxh6 Rc5 39. Nf5 Rxc4 40. Kg3 Ra4 41. Nd6 f6 42. h4 gxh4+ 43. Kh3 Rxa2 44. Nc8 a5 45. Nb6 a4 46. Nd7+ Ke7 47. Nc5 a3 48. Kxh4 Rc2 49. Nb3 Rb2 50. Nc1 a2 51. Nxa2 Rxa2 52. g4 Ra5 53. Kh3 Rg5 54. Kg3 Ke6 55. Kf4 Kd5 56. Kf3 Ke5 57. Kg3 Ke4 58. Kh4 Kf4 59. Kh3 Rxg4 60. Kh2 Rg3 61. Kh1 Kf3 62. Kh2 Kf2 63. Kh1 Rh3# 0-1


[Site "https://www.chess.com"]

[Event "Titled Tuesday Blitz February 28 Late 2023"]
[White "Rottenwohrer Suarez, Juan"]
[Black "Skvortsov, Andrei"]
[WhiteFideId "32068182"]
[BlackFideId "24108600"]
[WhiteElo "2174"]
[BlackElo "2259"]
[Result "1/2-1/2"]
[Round "04"]
[TimeControl "180+2"]
[Date "2023.02.28"]
[WhiteClock "0:00:08"]
[BlackClock "0:00:18"]

1. c4 b6 2. e4 e5 3. Nf3 Nc6 4. Nc3 Bb7 5. d4 exd4 6. Nxd4 Nf6 7. Be3 Bb4 8. Nc2 Bc5 9. Be2 Qe7 10. Nd5 Nxd5 11. exd5 Ne5 12. O-O O-O 13. Bxc5 bxc5 14. f4 Ng6 15. g3 Qf6 16. b3 Rae8 17. Bf3 d6 18. Qd2 Bc8 19. Ne3 Re7 20. Ng2 Rfe8 21. Rae1 Bh3 22. Rxe7 Qxe7 23. Re1 Qd8 24. Rxe8+ Qxe8 25. Qe3 Qd8 26. Be4 Nf8 27. Bd3 Bxg2 28. Kxg2 Nd7 29. g4 h6 30. h3 Nf6 31. Bc2 g6 32. Kg3 h5 33. Bd3 hxg4 34. hxg4 Qd7 35. f5 Kg7 36. Kf3 Nh7 37. fxg6 fxg6 38. Kg3 Qf7 39. Qf4 Qe7 40. Qe4 Qf6 41. Qf4 Qc3 42. Qe3 Qf6 43. Qf3 Ng5 44. Qxf6+ Kxf6 45. Kf4 Nf7 46. Bc2 Ng5 47. Bd3 Nh7 48. Bc2 g5+ 49. Kf3 Nf8 50. Ke3 Ke5 51. Bf5 a6 52. a3 a5 53. a4 Kf6 54. Ke4 Ke7 55. Ke3 Kf7 56. Ke4 Kf6 57. Ke3 Ke5 58. Kd3 Kf4 59. Ke2 Ke5 60. Kd3 Kf6 61. Ke3 Ng6 62. Bxg6 Kxg6 63. Ke4 Kf6 64. Kd3 Ke5 65. Ke3 Kf6 66. Ke4 Kg6 67. Kd3 Kf7 68. Ke4 Kf6 69. Kd3 Ke5 70. Ke3 Kf6 71. Ke4 Kg6 72. Kd3 Kf6 73. Ke4 1/2-1/2


[Site "https://www.chess.com"]

[Event "Titled Tuesday Blitz February 28 Late 2023"]
[White "Wartiovaara, Oliver"]
[Black "Bjelobrk, Igor"]
[WhiteFideId "513024"]
[BlackFideId "4300726"]
[WhiteElo "2214"]
[BlackElo "2335"]
[Result "1-0"]
[Round "04"]
[TimeControl "180+2"]
[Date "2023.02.28"]
[WhiteClock "0:00:12"]
[BlackClock "0:00:03"]

1. g3 c5 2. Bg2 Nc6 3. e3 Nf6 4. Ne2 d5 5. O-O e5 6. d4 Be7 7. dxe5 Nxe5 8. Nbc3 Bg4 9. f3 Be6 10. f4 Nc6 11. f5 Bd7 12. Nxd5 Nxd5 13. Qxd5 O-O 14. e4 Nb4 15. Qd1 Bb5 16. Bd2 Nxc2 17. Qxc2 Bxe2 18. Rfe1 Bd3 19. Qa4 b5 20. Qa5 Qxa5 21. Bxa5 Bd8 22. Bxd8 Raxd8 23. a4 b4 24. Rac1 c4 25. Bf1 Rd4 26. Bxd3 cxd3 27. Rcd1 Rfd8 28. Rd2 b3 29. Kf2 a5 30. Ke3 Kf8 31. Red1 Rxa4 32. Rxd3 Re8 33. Rd4 Ra2 34. R1d2 a4 35. Rb4 h6 36. Rb7 a3 37. Rxb3 axb2 38. Rbxb2 Rxb2 39. Rxb2 f6 40. Kf4 Ra8 41. h4 Ra1 42. Rb8+ Kf7 43. Rb7+ Kg8 44. Kg4 Rc1 45. Kh5 Kh7 46. e5 Rc6 47. e6 Rc8 48. g4 Re8 49. g5 hxg5 50. hxg5 fxg5 51. Kxg5 Rf8 52. Rf7 Re8 53. e7 Kg8 54. Kg6 1-0


[Site "https://www.chess.com"]

[Event "Titled Tuesday Blitz February 28 Late 2023"]
[White "Alikhanov, Felix"]
[Black "Escalante Ramirez, Rafael"]
[WhiteFideId "4157427"]
[BlackFideId "3900177"]
[WhiteElo "2425"]
[BlackElo "2399"]
[Result "1-0"]
[Round "04"]
[TimeControl "180+2"]
[Date "2023.02.28"]
[WhiteClock "0:00:38"]
[BlackClock "0:00:02"]

1. e4 c5 2. d4 cxd4 3. c3 d3 4. Bxd3 d6 5. c4 Nf6 6. Nc3 g6 7. Nge2 Bg7 8. O-O O-O 9. f3 b6 10. Kh1 Bb7 11. a4 Nbd7 12. b3 a6 13. Rb1 e6 14. Bg5 Qc7 15. Rc1 Rac8 16. Qd2 Rfe8 17. Bh6 Bh8 18. Bc2 Ne5 19. Rcd1 Rcd8 20. Bg5 Rd7 21. f4 Nc6 22. f5 Ng4 23. fxe6 fxe6 24. e5 Ngxe5 25. Ne4 Rf8 26. Rxf8+ Kxf8 27. Nf4 Nd8 28. Bxd8 Qc6 29. Nxe6+ 1-0


[Site "https://www.chess.com"]

[Event "Titled Tuesday Blitz February 28 Late 2023"]
[White "Rosen, Eric"]
[Black "Tyagi, Kushan"]
[WhiteFideId "2032562"]
[BlackFideId "2040069"]
[WhiteElo "2359"]
[BlackElo "2364"]
[Result "1-0"]
[Round "04"]
[TimeControl "180+2"]
[Date "2023.02.28"]
[WhiteClock "0:00:38"]
[BlackClock "0:00:06"]

1. d4 Nf6 2. Bf4 d5 3. e3 Bf5 4. Nf3 e6 5. c4 c6 6. Qb3 Qb6 7. c5 Qxb3 8. axb3 Bxb1 9. Rxb1 Nbd7 10. h3 a6 11. b4 Be7 12. Nd2 O-O 13. Nb3 Rfe8 14. Na5 Ra7 15. f3 Bd8 16. Kd2 e5 17. Bh2 exd4 18. exd4 Bxa5 19. bxa5 Raa8 20. Bd3 Nf8 21. Ra1 Ne6 22. Ra4 Rad8 23. Rb4 Rd7 24. Ra1 g6 25. Ra3 Nh5 26. Rab3 Nd8 27. g4 Ng7 28. Be5 Nge6 29. h4 Kf8 30. f4 Ke7 31. f5 Nf8 32. f6+ Ke6 33. g5 h6 34. Bf1 Kf5 35. Bh3+ Ke4 36. Re3# 1-0


[Site "https://www.chess.com"]

[Event "Titled Tuesday Blitz February 28 Late 2023"]
[White "Melikyan, Gnel"]
[Black "Ansh M Shah"]
[WhiteFideId "54109990"]
[BlackFideId "25033379"]
[WhiteElo "2138"]
[BlackElo "2084"]
[Result "0-1"]
[Round "04"]
[TimeControl "180+2"]
[Date "2023.02.28"]
[WhiteClock "0:00:06"]
[BlackClock "0:00:13"]

1. Na3 e6 2. Nf3 d5 3. e3 Nf6 4. c4 Bxa3 5. bxa3 dxc4 6. Bxc4 O-O 7. O-O b6 8. Bb2 Bb7 9. d4 Nbd7 10. Qe2 Qe7 11. Rfd1 Rac8 12. Ba6 Bxa6 13. Qxa6 Ra8 14. Rac1 c5 15. a4 cxd4 16. exd4 Nd5 17. a5 N7f6 18. Qd3 bxa5 19. Rc5 a4 20. Ne5 Nd7 21. Nc6 Qf6 22. Rc2 N7b6 23. Ba3 Rfe8 24. g3 h6 25. Qe4 Qg5 26. h4 Qh5 27. Rdc1 f5 28. Qe5 Qg6 29. Bc5 f4 30. Kg2 Rac8 31. Bxb6 axb6 32. h5 Qg5 33. Qxg5 hxg5 34. Kf3 fxg3 35. fxg3 g4+ 36. Ke4 Rc7 37. Ne5 Rxc2 38. Rxc2 b5 39. a3 Ra8 40. Rb2 b4 41. axb4 a3 42. Ra2 Nc3+ 0-1


[Site "https://www.chess.com"]